cohdb
Replays
Latest Replays
All Replays
Popular Replays
Top Player Replays
Match Explorer
How It Works
Community
CoH3 Stats
Reddit
Sign in to upload your games and track your stats! →
Sign in with Steam
Match 44483822
Unlisted
Match 44483822
Overview
Messages
Build Orders
End
Kettenkrad Recon Vehicle
Construct Infanterie Kompanie
Selects Terror Battlegroup
Selects Machine Gun Camouflage
MG 42 Machine Gun Team
MG 42 Machine Gun Team
MG 42 Machine Gun Team
Grenadier Squad
Construct Luftwaffe Kompanie
Jäger Squad
Support Elements
Wirbelwind Flakpanzer
Side Skirts
Medical Bunker
Marder III M Tank Destroyer
Selects Contempt for the Weak
Selects Propaganda Leaflet Drop
Forward Retreat Point
Grenadier Squad
Construct Panzer Kompanie
Propaganda Leaflet Drop
Selects V1 Rocket Strike
V1 Rocket Strike
Stoßtruppen Squad
Marder III M Tank Destroyer
Stoßtruppen Squad
Panzer Officer Quarters
Panzer IV Medium Tank
V1 Rocket Strike
Panzer IV Medium Tank
Selects Defend the Fatherland
Gwangju's Hero Chun Doo-gwang
Kaalar
Potplayer
Ark Royal
Laffey
holybutters
0
0
Comments
sign in to comment!
No comments posted yet!